[Event "Titled Tuesday Blitz July 18 Early 2023"]
[White "Uzcategui Rodriguez, Alejandro"]
[Black "Krutko, Anatoly"]
[WhiteFideId "3903400"]
[BlackFideId "4185862"]
[WhiteElo "2433"]
[BlackElo "2603"]
[Result "1-0"]
[Round "3"]
[TimeControl "180+2"]
[Date "2023.07.18"]
[WhiteClock "0:01:01"]
[BlackClock "0:00:53"]
[Board "103"]

1. d4 Nf6 2. Nf3 g6 3. Bg5 Bg7 4. Nbd2 d6 5. e3 O-O 6. Bc4 a6 7. a4 b6 8. O-O Bb7 9. c3 Nbd7 10. Re1 c5 11. b4 Qc7 12. Rc1 Rac8 13. Qe2 Ra8 14. e4 e5 15. d5 h6 16. Be3 Ng4 17. Nf1 Nxe3 18. Nxe3 Nf6 19. Nd2 Nh5 20. g3 Qd7 21. Nf5 Nf6 22. Nxg7 Kxg7 23. b5 a5 24. Nf1 Bc8 25. f3 Ng8 26. Bd3 Ne7 27. Ne3 f5 28. Qg2 fxe4 29. fxe4 Ng8 30. Rf1 Nf6 31. Nc4 Rb8 32. Rf2 Ng4 33. Rxf8 Kxf8 34. Rf1+ Kg7 35. Qf3 Qe7 36. Nxd6 Bd7 37. Qf7+ Qxf7 38. Rxf7+ Kg8 39. Rxd7 Rf8 40. Be2 Ne3 41. Re7 h5 42. Re8 1-0


[Site "https://www.chess.com"]

[Event "Titled Tuesday Blitz July 18 Early 2023"]
[White "Sanchez Alvares, Kelvin Antonio"]
[Black "Vivas Zamora, Fabian Ernesto"]
[WhiteFideId "3906680"]
[BlackFideId "3902480"]
[WhiteElo "2603"]
[BlackElo "2430"]
[Result "1-0"]
[Round "3"]
[TimeControl "180+2"]
[Date "2023.07.18"]
[WhiteClock "0:00:58"]
[BlackClock "0:00:05"]
[Board "104"]

1. e4 e6 2. d4 d5 3. Nc3 Nf6 4. Bg5 Bb4 5. Ne2 h6 6. Bxf6 Qxf6 7. a3 Bxc3+ 8. Nxc3 c6 9. Bd3 O-O 10. e5 Qh4 11. O-O c5 12. dxc5 Nd7 13. g3 Qh3 14. Re1 Nxc5 15. Bf1 Qf5 16. Qd4 b6 17. b4 Nd7 18. Bd3 Qh5 19. Nb5 Ba6 20. Be2 Qg6 21. Bd3 Qh5 22. c4 dxc4 23. Bxc4 Rfd8 24. Qe4 Bxb5 25. Bxb5 Nf8 26. Be2 Qg6 27. Bf3 Qxe4 28. Bxe4 Rac8 29. Rac1 g6 30. Red1 Rxd1+ 31. Rxd1 Rc3 32. Rd3 Rxd3 33. Bxd3 Nd7 34. f4 Kf8 35. Kf2 Ke7 36. Ke3 Kd8 37. Kd4 Kc7 38. Bb5 Nb8 39. Be8 Nc6+ 40. Ke4 Nd8 41. Kd4 g5 42. Ke4 a5 43. fxg5 hxg5 44. Kf3 axb4 45. axb4 Nc6 46. Bxc6 Kxc6 47. h4 gxh4 48. gxh4 Kd5 49. Kf4 Kc4 50. h5 Kxb4 51. h6 b5 52. h7 Kc3 53. h8=Q b4 54. Qh3+ 1-0


[Site "https://www.chess.com"]

[Event "Titled Tuesday Blitz July 18 Early 2023"]
[White "Petrosian, Karlen"]
[Black "Skuhala, Barbara"]
[WhiteFideId "4176146"]
[BlackFideId "14605465"]
[WhiteElo "2601"]
[BlackElo "2429"]
[Result "1/2-1/2"]
[Round "3"]
[TimeControl "180+2"]
[Date "2023.07.18"]
[WhiteClock "0:00:06"]
[BlackClock "0:00:34"]
[Board "105"]

1. e4 c5 2. c3 Nf6 3. e5 Nd5 4. Nf3 e6 5. Bc4 Nb6 6. Bb3 d6 7. exd6 Bxd6 8. d4 cxd4 9. Qxd4 O-O 10. O-O Nc6 11. Qe4 Qf6 12. Rd1 Bc7 13. Bg5 Qf5 14. Qxf5 exf5 15. Na3 Be6 16. Nb5 Bd8 17. Bf4 Nc4 18. Rab1 N6a5 19. Nc7 Bxc7 20. Bxc7 Nxb3 21. axb3 Nb6 22. Bxb6 axb6 23. Nd4 Rfd8 24. f3 g6 25. Kf2 Kf8 26. Ra1 Ke7 27. Ke3 Kf6 28. Ra3 Rxa3 29. bxa3 Re8 30. Kf2 Rd8 31. Re1 Rc8 32. Rc1 Ra8 33. a4 Rc8 34. f4 Bd5 35. g3 Be4 36. Nb5 Rd8 37. Ke3 Rd3+ 38. Ke2 Rd7 39. Ke1 Re7 40. Kd2 Rd7+ 41. Ke3 Rd3+ 42. Ke2 Rd7 43. Nd4 Re7 44. Kd2 Rd7 45. Ra1 Rd5 46. Ke3 Rc5 47. c4 Ke7 48. Rc1 Rc8 49. Ra1 Ra8 50. Kd2 Kd6 51. Kc3 Kc7 52. b4 Re8 53. a5 bxa5 54. Rxa5 Bc6 55. Nxc6 Kxc6 56. Ra2 Re3+ 57. Kd4 Rb3 58. b5+ Kc7 59. Re2 Kd7 60. Kc5 Rc3 61. Rd2+ Kc7 62. Kd4 Rc1 63. c5 Rb1 64. Kc4 Rc1+ 65. Kd5 Rb1 66. b6+ Kd7 67. Rd3 Rb4 68. h4 f6 69. Ra3 Rb1 70. Rd3 Rb4 71. Rd4 Rb1 72. Kc4+ Ke7 73. Rd6 Rc1+ 74. Kb4 Rb1+ 75. Kc4 Rc1+ 76. Kb4 Rb1+ 77. Kc4 1/2-1/2


[Site "https://www.chess.com"]

[Event "Titled Tuesday Blitz July 18 Early 2023"]
[White "NicolaiMaxime"]
[Black "Todorovic, Bojan"]
[BlackFideId "917087"]
[WhiteElo "2600"]
[BlackElo "2428"]
[Result "1-0"]
[Round "3"]
[TimeControl "180+2"]
[Date "2023.07.18"]
[WhiteClock "0:00:32"]
[BlackClock "0:00:01"]
[Board "106"]

1. e4 g6 2. h4 d5 3. e5 Bg7 4. d4 c5 5. c3 Nc6 6. Nf3 Bg4 7. Bb5 Qb6 8. Bxc6+ bxc6 9. O-O e6 10. Nbd2 Ne7 11. Nb3 cxd4 12. cxd4 Nf5 13. Be3 Nxh4 14. Rc1 O-O 15. Qc2 Nxf3+ 16. gxf3 Bxf3 17. Kh2 Qd8 18. Kg3 Be4 19. Qxc6 Rc8 20. Qb7 Rc4 21. Rxc4 dxc4 22. Qxe4 cxb3 23. axb3 Qb6 24. Qd3 Rb8 25. Ra1 Qxb3 26. Qxb3 Rxb3 27. Rxa7 Bh6 28. Ra3 Rxa3 29. bxa3 Bxe3 30. fxe3 Kf8 31. e4 Ke7 32. d5 Kd7 33. a4 Kc7 34. a5 Kb7 35. d6 h5 36. d7 Kc7 37. a6 1-0


[Site "https://www.chess.com"]

[Event "Titled Tuesday Blitz July 18 Early 2023"]
[White "Golubev, Mikhail"]
[Black "Goldin, Roman"]
[WhiteFideId "14100983"]
[BlackFideId "2803860"]
[WhiteElo "2598"]
[BlackElo "2428"]
[Result "1-0"]
[Round "3"]
[TimeControl "180+2"]
[Date "2023.07.18"]
[WhiteClock "0:00:15"]
[BlackClock "0:00:00"]
[Board "107"]

1. e4 Nc6 2. Nf3 e5 3. Bc4 Nf6 4. Ng5 d5 5. exd5 b5 6. Bf1 h6 7. Nxf7 Kxf7 8. dxc6 Bc5 9. Be2 Rf8 10. O-O Kg8 11. d3 Bf5 12. Be3 Bd6 13. Nd2 Qe8 14. Bf3 Qg6 15. a4 a6 16. axb5 axb5 17. Rxa8 Rxa8 18. Re1 Rf8 19. Ne4 Nxe4 20. dxe4 Bxe4 21. Bxe4 Qxe4 22. Bxh6 Qxc6 23. Be3 Qc4 24. b3 Qe6 25. Qd3 e4 26. Qxb5 Rf5 27. Qc4 Rd5 28. g3 Kh8 29. Kg2 Be7 30. Rd1 c6 31. Rd4 Qf5 32. Rxe4 1-0


[Site "https://www.chess.com"]

[Event "Titled Tuesday Blitz July 18 Early 2023"]
[White "Herman, Daniel"]
[Black "Garcia Blanco, Omar"]
[WhiteFideId "30935008"]
[BlackFideId "2287153"]
[WhiteElo "2423"]
[BlackElo "2597"]
[Result "1-0"]
[Round "3"]
[TimeControl "180+2"]
[Date "2023.07.18"]
[WhiteClock "0:00:06"]
[BlackClock "0:00:06"]
[Board "108"]

1. d4 Nf6 2. c4 e6 3. g3 d5 4. Nf3 Be7 5. Bg2 O-O 6. O-O c6 7. Qc2 b6 8. Bf4 Bb7 9. Nbd2 Na6 10. a3 Rc8 11. e4 dxc4 12. Nxc4 c5 13. d5 exd5 14. exd5 Bxd5 15. Rad1 b5 16. Ne3 Rc7 17. Bxc7 Nxc7 18. Ng5 g6 19. Rfe1 c4 20. Nxd5 Nfxd5 21. Ne4 Qc8 22. Nc3 Nxc3 23. Qxc3 Bc5 24. Qf6 Ne6 25. Bd5 Ng7 26. Re4 Nh5 27. Qe5 Bb6 28. Rde1 Qc5 29. R1e2 Ng7 30. b4 cxb3 31. Bxb3 Qc1+ 32. Kg2 Qxa3 33. Bd5 Qc5 34. Rf4 Bc7 35. Bxf7+ Kh8 36. Qxc5 Rc8 37. Rf6 Nf5 38. Rxf5 Kg7 39. Rf4 Bb6 40. Qxc8 b4 41. Qe6 Kh6 42. Qf6 Bd4 43. Rh4# 1-0


[Site "https://www.chess.com"]

[Event "Titled Tuesday Blitz July 18 Early 2023"]
[White "vishwa_vijeta"]
[Black "Karttunen, Mika"]
[BlackFideId "502081"]
[WhiteElo "2423"]
[BlackElo "2596"]
[Result "0-1"]
[Round "3"]
[TimeControl "180+2"]
[Date "2023.07.18"]
[WhiteClock "0:00:06"]
[BlackClock "0:00:13"]
[Board "109"]

1. e4 e5 2. Nf3 Nc6 3. d4 exd4 4. Nxd4 Nf6 5. Nxc6 bxc6 6. e5 Qe7 7. Qe2 Nd5 8. h4 a5 9. c4 Nb6 10. b3 a4 11. Bb2 axb3 12. axb3 Rxa1 13. Bxa1 Qb4+ 14. Nd2 Qa5 15. Bb2 Qa2 16. Bc3 Qa3 17. Qd1 Bb4 18. Bxb4 Qxb4 19. Bd3 d5 20. O-O O-O 21. cxd5 cxd5 22. Nf3 Bg4 23. g3 h6 24. Kg2 c5 25. Bb1 Qc3 26. Qd3 Qxd3 27. Bxd3 Ra8 28. Rc1 Ra5 29. Nh2 Be6 30. Nf3 Kf8 31. Rb1 Ra3 32. Be2 Ke7 33. b4 c4 34. Nd4 Ra2 35. Bf3 Bd7 36. Rc1 Rd2 37. Ne2 d4 38. Nf4 c3 39. Be4 Bb5 40. Kf3 Rb2 41. Bd3 Bc6+ 42. Kg4 Rxb4 43. Ra1 Nd7 44. e6 fxe6 45. Kh3 e5 46. Ng6+ Kd6 47. h5 Bb5 48. Bf5 Nc5 49. Ra8 e4 50. Rd8+ Kc7 51. Re8 c2 52. Re7+ Kb6 53. Bxe4 c1=Q 54. Bg2 Rb1 55. Rxg7 Qg5 56. g4 Qf6 57. Rb7+ Nxb7 58. g5 Qxg5 59. Bxb7 Qxh5+ 60. Kg3 Qxg6+ 61. Kf4 Kxb7 62. Ke5 Qg5+ 63. Kxd4 Qf4+ 64. Kc5 Rc1+ 65. Kxb5 Qe5+ 66. Ka4 Qb2 67. Ka5 Ra1# 0-1


[Site "https://www.chess.com"]

[Event "Titled Tuesday Blitz July 18 Early 2023"]
[White "Shukhman, Anna"]
[Black "Buchenau, Frank"]
[WhiteFideId "54180058"]
[BlackFideId "4604350"]
[WhiteElo "2594"]
[BlackElo "2421"]
[Result "1-0"]
[Round "3"]
[TimeControl "180+2"]
[Date "2023.07.18"]
[WhiteClock "0:00:45"]
[BlackClock "0:00:08"]
[Board "110"]

1. e4 e6 2. d4 d5 3. Nc3 Nf6 4. e5 Nfd7 5. f4 c5 6. Nf3 Nc6 7. Be3 a6 8. Qd2 b5 9. a3 Qa5 10. dxc5 Bxc5 11. Bxc5 Nxc5 12. Nd4 Qb6 13. Nxc6 Qxc6 14. Ne2 Ne4 15. Qd3 O-O 16. Nd4 Qc5 17. Be2 Bd7 18. O-O a5 19. Bf3 b4 20. Bxe4 dxe4 21. Qxe4 bxa3 22. Rxa3 Rab8 23. Rc3 Qb4 24. Rh3 h6 25. b3 Bc6 26. Qe3 Bd5 27. c4 Ba8 28. f5 exf5 29. Nxf5 Qb6 30. c5 Qb7 31. Rg3 g6 32. Qxh6 Qa6 33. Qg7# 1-0


[Site "https://www.chess.com"]

[Event "Titled Tuesday Blitz July 18 Early 2023"]
[White "Rom, Jasper"]
[Black "Skliarov, Viktor"]
[WhiteFideId "2023733"]
[BlackFideId "14106736"]
[WhiteElo "2420"]
[BlackElo "2591"]
[Result "0-1"]
[Round "3"]
[TimeControl "180+2"]
[Date "2023.07.18"]
[WhiteClock "0:00:00"]
[BlackClock "0:00:28"]
[Board "111"]

1. e4 c5 2. Nc3 Nc6 3. f4 g6 4. Nf3 Bg7 5. Bb5 Nd4 6. O-O Nxb5 7. Nxb5 a6 8. Nc3 b5 9. d3 Bb7 10. Qe1 Nf6 11. f5 d6 12. Bg5 Qb6 13. Kh1 O-O-O 14. a4 b4 15. a5 Qc6 16. Na4 gxf5 17. exf5 Rde8 18. d4 cxd4 19. Qxb4 Nd5 20. Qb3 Kb8 21. Rf2 Rhg8 22. c4 dxc3 23. bxc3 Bxc3 24. Rc2 Rxg5 25. Nxg5 Ne3 26. Qxc3 Nxc2 27. Qxc6 Bxc6 28. Rb1+ Kc7 29. Nb6 Rg8 30. Nf3 Ne3 31. Rc1 Kb7 0-1


[Site "https://www.chess.com"]

[Event "Titled Tuesday Blitz July 18 Early 2023"]
[White "Sadykov, Ramil"]
[Black "Chernyavsky, Alexander"]
[WhiteFideId "24113590"]
[BlackFideId "24131156"]
[WhiteElo "2590"]
[BlackElo "2417"]
[Result "0-1"]
[Round "3"]
[TimeControl "180+2"]
[Date "2023.07.18"]
[WhiteClock "0:00:00"]
[BlackClock "0:00:40"]
[Board "112"]

1. d4 Nf6 2. c4 g6 3. Nc3 Bg7 4. e4 O-O 5. Be2 d6 6. Be3 e5 7. d5 a5 8. g4 Nfd7 9. Qd2 Nc5 10. h4 c6 11. h5 cxd5 12. cxd5 Nba6 13. Bh6 Bxh6 14. Qxh6 g5 15. O-O-O f6 16. Nh3 Rb8 17. f3 Bd7 18. Rdg1 b5 19. f4 exf4 20. Nxf4 b4 21. Nd1 Nxe4 22. Bxa6 Qc7+ 23. Nc3 bxc3 24. b3 Qc5 25. Ng6 Qa3+ 26. Kd1 Qxa2 27. Ne7+ Kf7 28. Qxh7+ Ke8 29. Qg6+ Kxe7 30. Qxe4+ Kd8 31. Qc2 Qa1+ 32. Ke2 Bxg4+ 0-1


[Site "https://www.chess.com"]

[Event "Titled Tuesday Blitz July 18 Early 2023"]
[White "Lana Rodriguez, David"]
[Black "Herzog2012"]
[WhiteFideId "2270803"]
[WhiteElo "2589"]
[BlackElo "2416"]
[Result "1/2-1/2"]
[Round "3"]
[TimeControl "180+2"]
[Date "2023.07.18"]
[WhiteClock "0:00:30"]
[BlackClock "0:00:02"]
[Board "113"]

1. e4 c5 2. Nf3 Nc6 3. b3 g6 4. Bb2 Nf6 5. e5 Nd5 6. e6 f6 7. exd7+ Qxd7 8. d4 cxd4 9. Nxd4 e5 10. Nxc6 bxc6 11. Bc4 Nb4 12. Qe2 Qf5 13. Na3 Be6 14. O-O Bc5 15. Kh1 Nd5 16. Bd3 Qg5 17. Qf3 O-O 18. Nc4 Nf4 19. Bc1 Bd5 20. Bxf4 Qxf4 21. Qxf4 exf4 22. f3 Rfe8 23. Rfe1 Bxc4 24. Bxc4+ Kf8 25. g3 fxg3 26. hxg3 Bf2 27. Rxe8+ Rxe8 28. Kg2 Re1 29. Rxe1 Bxe1 30. g4 Ke7 31. Kf1 Bg3 32. Ke2 h5 33. gxh5 gxh5 34. Ke3 h4 35. Bf1 Kd6 36. Ke4 Kc5 37. c3 Be5 38. Kd3 Kb6 39. Bh3 a5 40. Kc4 Bf4 41. a4 Be5 42. b4 Bd6 43. Bd7 Be7 44. Bh3 axb4 45. cxb4 Bf8 46. f4 Bd6 47. f5 c5 48. b5 Ka5 49. Kd5 Bf8 50. Kc6 c4 51. b6 c3 52. b7 c2 53. b8=Q c1=Q+ 54. Kd7 Qc5 55. Qa8+ Kb4 56. Qe4+ Ka5 57. Bf1 Qd6+ 58. Ke8 Qc5 59. Kf7 Bd6 60. Kxf6 Bg3 61. Kg6 Qc1 62. Qc4 Qxc4 63. Bxc4 Kxa4 64. Kf6 Bd6 65. Ke6 Bb4 66. Bd5 h3 67. Bh1 h2 68. f6 Kb5 69. Kd7 Kb6 70. Ke8 Ba3 71. Kd7 Bb4 72. Ke6 Kc7 73. Kd5 Kd7 74. Kc4 Bf8 75. Kd5 Ba3 76. Ke4 Ke6 77. Kf3 Kxf6 78. Kg2 Bd6 79. Kf1 Kg5 80. Kg2 Kg4 81. Kf1 Kg3 82. Bg2 Bc5 83. Bh1 Bg1 84. Bg2 Kf4 85. Bh1 Ke3 86. Bg2 Kf4 87. Bh1 Kg3 88. Bg2 1/2-1/2


[Site "https://www.chess.com"]

[Event "Titled Tuesday Blitz July 18 Early 2023"]
[White "Harriott, Tyrell"]
[Black "Ahmad, Khagan"]
[WhiteFideId "2086484"]
[BlackFideId "13431552"]
[WhiteElo "2413"]
[BlackElo "2589"]
[Result "0-1"]
[Round "3"]
[TimeControl "180+2"]
[Date "2023.07.18"]
[WhiteClock "0:01:28"]
[BlackClock "0:01:59"]
[Board "115"]

1. d4 Nf6 2. e3 d5 3. Bd3 c5 4. c3 Nc6 5. f4 g6 6. Nf3 Bf5 7. O-O c4 8. Bc2 Bxc2 9. Qxc2 Qd7 10. Nbd2 Qf5 11. Ne5 Qxc2 12. Ndf3 Ne4 13. a4 Bg7 14. Ne1 Qe2 15. N5f3 Na5 16. Rb1 Nb3 17. Ne5 Bxe5 18. dxe5 Nbd2 19. Bxd2 Nxd2 20. Rf2 Qxe3 21. Rc1 Ne4 22. Rc2 Nxf2 23. Rxf2 b5 24. Nc2 Qc1+ 25. Rf1 Qxc2 26. axb5 Qxb2 27. h3 Qxc3 28. Rd1 Qe3+ 29. Kh1 c3 30. Rxd5 c2 31. e6 c1=Q+ 32. Kh2 Qcg1# 0-1


[Site "https://www.chess.com"]

[Event "Titled Tuesday Blitz July 18 Early 2023"]
[White "Vlassov, Nikolai"]
[Black "KorolDimitriy75"]
[WhiteFideId "4103360"]
[WhiteElo "2588"]
[BlackElo "2412"]
[Result "1-0"]
[Round "3"]
[TimeControl "180+2"]
[Date "2023.07.18"]
[WhiteClock "0:00:44"]
[BlackClock "0:00:00"]
[Board "116"]

1. e4 c5 2. c3 d5 3. exd5 Qxd5 4. d4 cxd4 5. cxd4 Nc6 6. Nf3 e5 7. Nc3 Bb4 8. Be2 exd4 9. O-O Qd8 10. Nb5 Nge7 11. Nfxd4 O-O 12. Bg5 Qb6 13. Nxc6 Nxc6 14. Be3 Bc5 15. Bxc5 Qxc5 16. Rc1 Qe5 17. Nc3 Be6 18. Re1 Rfd8 19. Qa4 Qd4 20. Bb5 Qxa4 21. Bxa4 Nd4 22. f3 a6 23. Kf2 b5 24. Bd1 Rac8 25. a3 Kf8 26. h4 g6 27. g4 h6 28. Be2 Nb3 29. Rcd1 Ke7 30. Ke3 Rxd1 31. Rxd1 Rd8 32. Rxd8 Kxd8 33. g5 hxg5 34. hxg5 Ke7 35. Ne4 Kd7 36. Bd1 Kc6 37. Bxb3 Bxb3 38. Kd4 a5 39. f4 Bd5 40. Nc3 Be6 41. b4 axb4 42. axb4 Bc4 43. Ke5 Bb3 44. Ne4 Bc4 45. Nd2 Ba2 46. Nf3 Bc4 47. Nd4+ Kb6 48. f5 1-0


[Site "https://www.chess.com"]

[Event "Titled Tuesday Blitz July 18 Early 2023"]
[White "The_Sherman_Variation"]
[Black "Bueno, Alfeu Junior Varela"]
[BlackFideId "2108879"]
[WhiteElo "2585"]
[BlackElo "2407"]
[Result "0-1"]
[Round "3"]
[TimeControl "180+2"]
[Date "2023.07.18"]
[WhiteClock "0:01:41"]
[BlackClock "0:01:45"]
[Board "117"]

1. b4 e6 2. Bb2 f5 3. c4 Nf6 4. a3 b6 5. e3 Bb7 6. Nf3 Be7 7. Nc3 O-O 8. g3 Qe8 9. Bg2 d6 10. O-O Nbd7 11. d4 Ne4 12. Nxe4 Bxe4 13. Nd2 Bxg2 14. Kxg2 Qg6 15. f4 Nf6 16. Qf3 Qh6 17. e4 Rae8 18. exf5 exf5 19. Rae1 Bd8 20. d5 Qg6 21. Nb3 Ne4 22. Nd4 Nd2 23. Qd3 Nxf1 24. Qxf1 Bf6 25. Ba1 Bxd4 26. Bxd4 Rxe1 27. Qxe1 Re8 28. Qd2 Qf7 29. Bc3 Qe7 30. Kh3 Qe2 31. Qd4 Qh5+ 32. Kg2 Re2+ 33. Kf1 Qf3+ 34. Kg1 Qg2# 0-1


[Site "https://www.chess.com"]

[Event "Titled Tuesday Blitz July 18 Early 2023"]
[White "Chitlange Sakshi"]
[Black "Pham, Khoi"]
[WhiteFideId "35002899"]
[BlackFideId "1054988"]
[WhiteElo "2407"]
[BlackElo "2579"]
[Result "0-1"]
[Round "3"]
[TimeControl "180+2"]
[Date "2023.07.18"]
[WhiteClock "0:01:09"]
[BlackClock "0:02:02"]
[Board "118"]

1. Nf3 Nf6 2. g3 g6 3. Bg2 Bg7 4. O-O O-O 5. d4 d6 6. c4 c5 7. Nc3 Nc6 8. d5 Na5 9. Nd2 a6 10. a4 e6 11. e4 exd5 12. cxd5 Bd7 13. Qc2 b5 14. axb5 axb5 15. Re1 Re8 16. Nf3 b4 17. Nd1 c4 18. Bg5 Qb6 19. Be3 Qb5 20. Nd4 Qb7 21. f3 Nxd5 22. exd5 Bxd4 23. Bxd4 Rxe1+ 24. Kf2 Qxd5 25. Kxe1 Qxd4 26. Kf1 c3 27. bxc3 Bb5+ 28. Ke1 Qg1+ 0-1


[Site "https://www.chess.com"]

[Event "Titled Tuesday Blitz July 18 Early 2023"]
[White "Gontcharov, Vladislav"]
[Black "Goswami, Vedant"]
[WhiteFideId "4123492"]
[BlackFideId "5003725"]
[WhiteElo "2579"]
[BlackElo "2407"]
[Result "1-0"]
[Round "3"]
[TimeControl "180+2"]
[Date "2023.07.18"]
[WhiteClock "0:00:25"]
[BlackClock "0:00:02"]
[Board "119"]

1. d4 Nf6 2. c4 Nc6 3. Nf3 d6 4. Nc3 Bg4 5. e3 e5 6. Be2 Be7 7. h3 Bh5 8. a3 O-O 9. O-O e4 10. Nd2 Bg6 11. b4 Re8 12. Re1 Bf8 13. Bf1 Qd7 14. g3 d5 15. cxd5 Nxd5 16. Nxd5 Qxd5 17. Qb3 Qxb3 18. Nxb3 Ne7 19. Bd2 Nd5 20. Rec1 c6 21. Na5 Rab8 22. Rab1 Bd6 23. a4 a6 24. b5 axb5 25. axb5 cxb5 26. Bxb5 Red8 27. Bc4 Ba3 28. Rc2 b5 29. Nc6 bxc4 30. Rxb8 Rxb8 31. Nxb8 f5 32. Rxc4 h5 33. Rc8+ Kh7 34. h4 Bf7 35. Nc6 Nf6 36. Ne5 Bd5 37. Rb8 Bd6 38. Rb6 Bxe5 39. dxe5 Ng4 40. e6 Kg8 41. Rb8+ Kh7 42. e7 Nf6 43. e8=Q 1-0


[Site "https://www.chess.com"]

[Event "Titled Tuesday Blitz July 18 Early 2023"]
[White "Souleidis, Georgios"]
[Black "Mazurkiewicz, Michal"]
[WhiteFideId "4206827"]
[BlackFideId "1124943"]
[WhiteElo "2577"]
[BlackElo "2404"]
[Result "0-1"]
[Round "3"]
[TimeControl "180+2"]
[Date "2023.07.18"]
[WhiteClock "0:00:05"]
[BlackClock "0:00:12"]
[Board "120"]

1. e4 d6 2. d4 Nf6 3. Nc3 c6 4. a4 e5 5. Nf3 Qc7 6. Bc4 Be7 7. O-O O-O 8. h3 Nbd7 9. Re1 b6 10. b3 Bb7 11. Bb2 a6 12. Bd3 Rfe8 13. Ne2 Bf8 14. Ng3 g6 15. c4 Bg7 16. d5 Nc5 17. b4 Nxd3 18. Qxd3 c5 19. b5 a5 20. Nh2 Bc8 21. Rf1 h5 22. Rae1 h4 23. Ne2 Nh5 24. Bc1 f5 25. Bg5 Bf6 26. Bxf6 Nxf6 27. Nc3 f4 28. Nf3 Qh7 29. Kh2 Qh5 30. Rh1 g5 31. Kg1 Kg7 32. Kf1 Rh8 33. Rc1 Bd7 34. Ke1 Rag8 35. Kd2 Kf8 36. Rh2 g4 37. hxg4 Nxg4 38. Rxh4 Qxh4 39. Nxh4 Rxh4 40. Ke2 Rh2 41. Rg1 Nf6 42. Kf1 Ke7 43. Nb1 Rgxg2 44. Rxg2 Bh3 45. Qf3 Bxg2+ 46. Qxg2 Rxg2 47. Kxg2 Nxe4 48. Kf3 Nf6 49. Nc3 Kf7 50. Kg2 e4 51. Kh3 Kg6 52. Kh4 Kf5 53. Kh3 Ke5 54. Ne2 f3 55. Ng3 Kd4 56. Nf5+ Kxc4 57. Nxd6+ Kxd5 58. Nc8 Nd7 59. Kg3 c4 60. Kf4 Kd4 61. Nd6 c3 62. Nf5+ Kc5 63. Ne3 Kb4 64. Kxe4 Kxa4 65. Kxf3 Kxb5 66. Ke4 Kb4 67. Kd3 Kb3 68. f4 a4 69. f5 a3 70. Nc2 Nc5+ 71. Kd4 Kxc2 0-1


[Site "https://www.chess.com"]

[Event "Titled Tuesday Blitz July 18 Early 2023"]
[White "Bodnaruk, Anastasia"]
[Black "Melikhov, Evgeny V."]
[WhiteFideId "4181751"]
[BlackFideId "4122046"]
[WhiteElo "2575"]
[BlackElo "2401"]
[Result "1-0"]
[Round "3"]
[TimeControl "180+2"]
[Date "2023.07.18"]
[WhiteClock "0:01:34"]
[BlackClock "0:00:00"]
[Board "121"]

1. e4 e5 2. Nf3 Nc6 3. Bb5 a6 4. Ba4 Nf6 5. O-O Nxe4 6. Re1 Nc5 7. Bxc6 dxc6 8. Nxe5 Be7 9. d4 Ne6 10. c3 O-O 11. f4 f6 12. Nf3 Rf7 13. Be3 Bd6 14. Qd2 c5 15. d5 Nf8 16. c4 Bg4 17. Qf2 Bxf3 18. Qxf3 Qd7 19. Nc3 Re8 20. f5 Rfe7 21. Bf2 Rxe1+ 22. Rxe1 Rxe1+ 23. Bxe1 Qe7 24. Bg3 Nd7 25. Qe4 Qxe4 26. Nxe4 Bxg3 27. hxg3 b6 28. b3 Kf7 29. Kf2 Ke7 30. Ke3 Ne5 31. Nc3 Kd7 32. Ne2 c6 33. Nf4 cxd5 34. Nxd5 Kc6 35. Nf4 g6 36. Nd5 gxf5 37. Nxf6 b5 38. cxb5+ axb5 39. Nxh7 1-0


[Site "https://www.chess.com"]

[Event "Titled Tuesday Blitz July 18 Early 2023"]
[White "Gavrilov, Maxim"]
[Black "Gabdushev, Ruslan"]
[WhiteFideId "24271454"]
[BlackFideId "4137833"]
[WhiteElo "2570"]
[BlackElo "2401"]
[Result "0-1"]
[Round "3"]
[TimeControl "180+2"]
[Date "2023.07.18"]
[WhiteClock "0:00:00"]
[BlackClock "0:00:23"]
[Board "122"]

1. d4 Nc6 2. c4 e5 3. d5 Nce7 4. h4 Nf6 5. Nc3 g6 6. Nf3 d6 7. Bg5 Bg7 8. Bxf6 Bxf6 9. h5 gxh5 10. Rxh5 Bg4 11. Ne4 Ng6 12. Rh1 Bg7 13. Qd2 h6 14. O-O-O Bf5 15. Ng3 Qd7 16. Nh5 Kf8 17. g3 Qa4 18. b3 Qa3+ 19. Qb2 Qc5 20. e3 a5 21. a3 Rh7 22. Nxg7 Kxg7 23. Be2 Rhh8 24. Nh4 Be4 25. f3 Qxe3+ 26. Rd2 Nxh4 27. fxe4 Ng6 28. Bd3 h5 29. Kb1 Qxg3 30. Qc2 Nf4 31. Qd1 Kf6 32. Rg1 Qe3 33. Bc2 a4 34. b4 Qxa3 35. Qe1 Qxb4+ 36. Kc1 Qa3+ 37. Kb1 h4 38. Rf2 h3 0-1


[Site "https://www.chess.com"]

[Event "Titled Tuesday Blitz July 18 Early 2023"]
[White "Zavgorodniy, Sergiy"]
[Black "Rian, Kapriaga"]
[WhiteFideId "14110148"]
[BlackFideId "7103263"]
[WhiteElo "2568"]
[BlackElo "2392"]
[Result "1-0"]
[Round "3"]
[TimeControl "180+2"]
[Date "2023.07.18"]
[WhiteClock "0:00:55"]
[BlackClock "0:00:00"]
[Board "123"]

1. d4 Nf6 2. c4 e6 3. Nf3 d5 4. e3 Be7 5. Nbd2 a6 6. Bd3 O-O 7. O-O dxc4 8. Nxc4 Nbd7 9. b3 b5 10. Nce5 Bb7 11. Bb2 c5 12. a4 Qb6 13. Qe2 b4 14. a5 Qa7 15. Rac1 Nxe5 16. Nxe5 Rac8 17. Rfd1 Rfd8 18. h3 h6 19. Rc2 Qa8 20. f3 cxd4 21. Bxd4 Nd5 22. Rdc1 Rxc2 23. Rxc2 Nf4 24. Qf1 Nxd3 25. Qxd3 Bd6 26. Qe2 Bd5 27. Nc4 Bxc4 28. Qxc4 Qb8 29. Qxa6 Bh2+ 30. Kf1 e5 31. Bb6 Qd6 32. Qe2 Rd7 33. Bc5 Qd5 34. Bxb4 Qxb3 35. Rc8+ Kh7 36. Qc2+ Qxc2 37. Rxc2 f5 38. a6 e4 39. f4 Rd1+ 40. Kf2 Ra1 41. g3 Rxa6 42. Kg2 Rb6 43. Bc5 Rb3 44. Kxh2 1-0


[Site "https://www.chess.com"]

[Event "Titled Tuesday Blitz July 18 Early 2023"]
[White "Omariev, Maksim"]
[Black "Chor, Kevin"]
[WhiteFideId "4193423"]
[BlackFideId "2090740"]
[WhiteElo "2372"]
[BlackElo "2566"]
[Result "0-1"]
[Round "3"]
[TimeControl "180+2"]
[Date "2023.07.18"]
[WhiteClock "0:00:07"]
[BlackClock "0:00:15"]
[Board "124"]

1. g4 c5 2. Bg2 Nc6 3. c4 e6 4. Nc3 Nge7 5. e4 Ng6 6. d3 Bd6 7. Nge2 Nh4 8. O-O Nxg2 9. Kxg2 Qh4 10. Ng3 O-O 11. f4 Nd4 12. Be3 f5 13. gxf5 exf5 14. e5 Be7 15. Bxd4 cxd4 16. Nb5 b6 17. Qh5 Bb7+ 18. Kg1 Qxh5 19. Nxh5 a6 20. Nc7 Rac8 21. Nd5 Bxd5 22. cxd5 Rc2 23. Rf2 Rfc8 24. d6 Bh4 25. Ng3 Rxf2 26. Kxf2 Rc2+ 27. Kf3 g6 28. Ne2 Rxb2 29. h3 Rd2 30. Nxd4 Rxd3+ 31. Ke2 Rxd4 32. Ke3 Re4+ 33. Kf3 Kf7 34. Rc1 Ra4 35. Rc8 Ra3+ 36. Ke2 Rxa2+ 37. Kf3 Ke6 38. Re8+ Kd5 39. Rh8 Rf2+ 40. Ke3 Ra2 41. Rxh7 Bg3 42. Rxd7 Ra3+ 43. Ke2 Bxf4 44. Re7 Bxe5 45. d7 Bc7 46. Re8 Rxh3 47. Rc8 Kd6 48. d8=Q+ Bxd8 49. Rxd8+ Ke5 50. Rb8 Rb3 51. Rg8 Kf6 52. Rc8 a5 53. Rc6+ Kg5 54. Kd2 a4 55. Kc2 b5 56. Rc5 Rb4 57. Rd5 a3 58. Rd3 a2 59. Ra3 Ra4 60. Rxa4 bxa4 61. Kb2 Kf4 62. Ka1 g5 63. Kb2 g4 64. Ka1 g3 65. Kb2 g2 66. Ka3 g1=Q 67. Kb2 a1=Q+ 68. Kc2 Qgd1# 0-1


[Site "https://www.chess.com"]